 Dungeon Crawl Stone Soup version 0.32-a0-872-g59262bdc9b (webtiles) character file.

Game seed: 547209801668812467

231 Heh the Apothecary (level 6, -2/39 HPs)
             Began as an Octopode Alchemist on Mar 30, 2024.
             Slain by a phantom (7 damage)
             ... on level 4 of the Dungeon.
             The game lasted 00:07:59 (3044 turns).

Heh the Apothecary (Octopode Alchemist)             Turns: 3044, Time: 00:08:00

Health: -2/39      AC:  1    Str:  9    XL:     6   Next: 3%
Magic:  8/12       EV: 12    Int: 17    God:
Gold:   226        SH:  0    Dex: 18    Spells: 1/13 levels left

rFire   . . .        m - +2 quarterstaff (chaos)
rCold   . . .        (shield currently unavailable)
rNeg    . . .        (helmet restricted)
rPois   .            n - amulet of regeneration
rElec   .            f - ring "Fuykhlina" {Will+ Str+3}
rCorr   .            (no ring)
SInv    .            (no ring)
Will    +++..        (no ring)
Stlth   +++          (no ring)
HPRegen 1.06/turn    (no ring)
MPRegen 0.13/turn    (no ring)
                     (no ring)

%: no passive effects
@: no status effects
A: almost no armour, amphibious, 8 rings, camouflage 1, gelatinous body 1,
(nimble swimmer 1), tentacles, agile 1, strong-willed 2
a: no special abilities


You were on level 4 of the Dungeon.
You visited 1 branch of the dungeon, and saw 4 of its levels.

You collected 226 gold pieces.

Inventory:

Hand Weapons
 b - a +0 whip
 c - a +0 dagger
 g - a +0 flail
 h - a +2 vampiric dagger
 m - a +2 quarterstaff of chaos (weapon)
 p - a +0 dagger of venom
Missiles
 q - 11 poisoned darts
Jewellery
 f - the ring "Fuykhlina" (left tentacle) {Will+ Str+3}
   (You found it on level 2 of the Dungeon)

   [ring of willpower]

   Str+3:     It affects your strength (+3).
   Will+:     It increases your willpower.
 n - an amulet of regeneration (around mantle)
Scrolls
 d - a scroll of noise {unknown}
 e - a scroll of blinking {unknown}
 i - a scroll of teleportation {unknown}
 k - 3 scrolls of identify {unknown}
 o - a scroll of fear {unknown}
 t - a scroll of poison {unknown}
Potions
 a - a potion of magic
 l - a potion of brilliance {unknown}
 r - a potion of attraction {unknown}
 s - a potion of haste {unknown}
 u - a potion of curing {unknown}


   Skills:
 + Level 2.1 Fighting
 + Level 2.0 Dodging
 - Level 2.6 Stealth
 - Level 4.0 Spellcasting
 - Level 1.0 Conjurations
 * Level 0.4 Fire Magic
 - Level 5.0 Alchemy


You had one spell level left.
You knew the following spells:

 Your Spells              Type           Power      Damage    Failure   Level
a - Sting                 Conj/Alch      52%        1d6       4%          1
b - Mephitic Cloud        Conj/Alch/Air  10%        N/A       21%         3
c - Olgreb's Toxic Radia  Alch           20%        N/A       21%         4
d - Sticky Flame          Fire/Alch      12%        2d5       45%         4

Your spell library contained the following spells:

 Spells                   Type           Power      Damage    Failure   Level
 Shock                    Conj/Air       20%        1d4       13%         1
 Apportation              Tloc           6%         N/A       16%         1
 Necrotise                Necr           12%        1d4       16%         1
 Summon Small Mammal      Summ           12%        N/A       16%         1
 Mercury Vapours          Alch/Air       22%        N/A       9%          2
 Cigotuvi's Dreadful Rot  Necr/Alch/Air  18%        N/A       12%         2
 Swiftness                Air            3%         N/A       43%         3
 Ignite Poison            Fire/Alch      12%        N/A       45%         4
 Airstrike                Air            1%         2d(1-17)  83%         4
 Freezing Cloud           Conj/Ice/Air   2%         6-21      98%         5


Dungeon Overview and Level Annotations

Branches:
Dungeon (4/15)
 Temple: D:4-7

Altars:

Shops:
D:4 =[


Innate Abilities, Weirdness & Mutations

You cannot wear most types of armour.
You are amphibious.
You can wear up to eight rings at the same time.
Your skin changes colour to match your surroundings (Stealth+).
Your rubbery body absorbs attacks. (AC +1, EV +1)
((You are camouflaged when in or above water. (Stealth+)))
You have tentacles for arms and can constrict up to eight enemies at once.
You are agile. (Dex +4, Str/Int -1)
You are highly strong-willed. (Will++)


Message History

Found 12 gold pieces.
The kobold shouts!
The kobold hits you with a +0 short sword.
You hit the kobold but do no damage. You drain the kobold.
You kill the kobold!
The phantom hits you.
The phantom blinks!
You blink.
You miss the phantom. Your squeeze misses the phantom. The phantom hits you!
You hit the phantom.
The phantom seems to speed up.
The phantom is lightly damaged.
The phantom hits you!
The phantom blinks!
You blink.
Found an escape hatch in the floor.
The phantom hits you!
You are too injured to fight recklessly!
You are too injured to fight recklessly!
You are too injured to fight recklessly!
You are too injured to fight recklessly!
You are too injured to fight recklessly!
You are too injured to fight recklessly!
You are too injured to fight recklessly!
You are too injured to fight recklessly!
You are too injured to fight recklessly!
You are too injured to fight recklessly!
Casting: Mephitic Cloud (quite dangerous; 19% risk of failure)
Confirm with . or Enter, or press ? or * to list all spells.
Okay, then.
Casting: Mephitic Cloud (quite dangerous; 19% risk of failure)
Confirm with . or Enter, or press ? or * to list all spells.
Aiming: Sticky Flame (extremely dangerous; 43% risk of failure)
Press: ? - help, Shift-Dir - straight line, f - phantom
Aim: a phantom (lightly damaged, fast, unstickable)
The sticky flame hits the phantom.
The phantom is moderately damaged.
The phantom hits you.
* * * LOW HITPOINT WARNING * * *
The phantom blinks!
You blink.
It was a potion of mutation.
You feel extremely strange.
You feel strong-willed.
You feel agile.
You feel more strong-willed. The phantom hits you.
* * * LOW HITPOINT WARNING * * *
The phantom blinks!
You blink.
The phantom hits you!
You die...

# #.##.# # ##.##.### #
#.......# # #.......#
#######.......# .#
..........)...# .#
#######.......######.##
#...............#
#.......##@.....#
#.......##.W....#
#.......##......# #
........##......# ..
.............>#### .#
....########.# .#
....#..§....§# .#
#!§<....§# .#
#........#


You could see a phantom (fast).

Vanquished Creatures
  Crazy Yiuf (D:2)
  An iguana (D:4)
  An orc wizard (D:3)
  Natasha (twice) (D:2)
  A gnoll (D:1)
  2 adders (D:2)
  4 ribbon worms
  5 orcs
  7 ball pythons
  6 bats
  6 endoplasms
  A giant cockroach (D:4)
  5 goblins
  4 hobgoblins
  2 jackals (D:4)
  3 quokkas
  3 frilled lizards
  4 kobolds
  8 rats
66 creatures vanquished.

Notes
Turn   | Place    | Note
-------+----------+-------------------------------------------
     0 | D:1      | Heh the Octopode Alchemist began the quest for the Orb.
     0 | D:1      | Reached XP level 1. HP: 11/11 MP: 3/3
   120 | D:1      | Reached skill level 1 in Fighting
   120 | D:1      | Reached XP level 2. HP: 7/18 MP: 0/5
   475 | D:1      | Reached XP level 3. HP: 23/23 MP: 6/6
   565 | D:1      | Learned a level 3 spell: Mephitic Cloud
  1116 | D:2      | Identified the ring "Fuykhlina" {Will+ Str+3}
  1281 | D:2      | Reached skill level 4 in Alchemy
  1372 | D:2      | Noticed Natasha
  1377 | D:2      | Killed Natasha
  1378 | D:2      | Reached XP level 4. HP: 20/29 MP: 3/8
  1566 | D:2      | Learned a level 4 spell: Olgreb's Toxic Radiance
  1702 | D:2      | Found a runed translucent door.
  1703 | D:2      | Noticed Crazy Yiuf
  1859 | D:2      | Noticed Natasha
  1870 | D:2      | Killed Natasha
  1871 | D:2      | Reached XP level 5. HP: 23/34 MP: 6/9
  2054 | D:2      | Killed Crazy Yiuf
  2055 | D:2      | Reached skill level 5 in Alchemy
  2472 | D:3      | Found a faded altar of an unknown god.
  2852 | D:4      | Learned a level 4 spell: Sticky Flame
  2871 | D:4      | Found Wost's Jewellery Boutique.
  2974 | D:4      | Found Jaseefan's Armour Shoppe.
  2988 | D:4      | Reached XP level 6. HP: 39/39 MP: 12/12
  3044 | D:4      | Gained mutation: You are strong-willed. (Will+) [potion of
                  | mutation]
  3044 | D:4      | Gained mutation: You are agile. (Dex +4, Str/Int -1)
                  | [potion of mutation]
  3044 | D:4      | Gained mutation: You are highly strong-willed. (Will++)
                  | [potion of mutation]
  3044 | D:4      | Slain by a phantom

Illustrated notes

Levels and vault maps discovered:
D:1:      kilobyte_arrival_exit_the_forest, layout_basic
D:2:      layout_loops_corners, uniq_crazy_yiuf_cottage, uniq_natasha
D:3:      layout_loops_cross, ebering_ecumenical_altar_rust, chequers_big_river
D:4:      layout_basic, minmay_temple_entry_butterflies, serial_shops, shop,
          roderic_serpentine_path, nicolae_inconvenience_store,
          corexii_item_surrounded_by_moat

Skill      XL: |  1  2  3  4  5 |
---------------+----------------+-----
Fighting       | 1 2 |  2.1
Alchemy        | 4 5 |  5.0
Spellcasting   | 3 4 |  4.0
Dodging        | |  2.0
Stealth        | |  2.6
Conjurations   | |  1.0
Fire Magic     | |  0.4

Action                     |  1- 3 |  4- 6 || total
---------------------------+-------+-------++-------
  Melee: Unarmed           |     7 |       ||     7
         Constrict         |    15 |    15 ||    30
         Tentacles         |    14 |    11 ||    25
         Dagger            |    39 |    13 ||    52
         Whip              |     3 |       ||     3
         Flail             |     4 |       ||     4
         Quarterstaff      |       |    38 ||    38
   Cast: Sting             |    11 |    15 ||    26
         Mephitic Cloud    |     1 |     1 ||     2
         Sticky Flame      |       |     1 ||     1
    Use: Potion            |       |     1 ||     1
   Stab: Sleeping          |     8 |     4 ||    12
 Armour: Skin              |    17 |    19 ||    36
  Dodge: Dodged            |    31 |    20 ||    51

Table legend: (Time is in decaauts)
 A = Elapsed time spent in this place.
 B = Non-inter-level travel time spent in this place.
 C = Inter-level travel time spent in this place.
 D = Time resting spent in this place.
 E = Time spent auto-exploring this place.
 F = Levels seen in this place.
 G = Mean time per level.
                   A        B        C        D        E       F      G
               +--------+--------+--------+--------+--------+-----+--------+
         Total |   3033 |   2904 |    129 |     12 |   2414 |   4 |  758.2 |
       Dungeon |   3033 |   2904 |    129 |     12 |   2414 |   4 |  758.2 |
               +--------+--------+--------+--------+--------+-----+--------+

Top non-repeatable levels by time:
     D:2: 1211 daAuts
     D:1: 873 daAuts
     D:3: 736 daAuts
     D:4: 212 daAuts
